 Dungeon Crawl Stone Soup version 0.29.0-15-g675c0067aa (webtiles) character file.

Game seed: 5414658418662505379

3405 qw the Cleaver (level 10, 0/64 HPs)
             Began as a Gargoyle Fighter on Sept 12, 2022.
             Slain by Gastronok (30 damage)
             ... on level 8 of the Dungeon.
             The game lasted 00:03:00 (8396 turns).

qw the Cleaver (Gargoyle Fighter)                   Turns: 8396, Time: 00:03:00

Health: 0/64       AC: 19    Str: 23    XL:     10   Next: 4%
Magic:  10/10      EV:  6    Int: 10    God:
Gold:   280        SH:  4    Dex:  9    Spells: 9/9 levels left

rFire   . . .      SeeInvis .   Y - +1 war axe (venom)
rCold   + . .      Faith    .   c - +0 buckler
rNeg    + . .      Spirit   .   t - +0 plate armour
rPois   inf        Reflect  .   (no helmet)
rElec   +          Harm     .   (no cloak)
rCorr   +          Rampage  .   (no gloves)
Will    .....                   (no boots)
Stlth   ..........              k - amulet of the acrobat
HPRegen 0.20/turn               q - ring of resist corrosion
MPRegen 0.12/turn               b - ring of protection from cold

@: no status effects
A: sickness immunity, AC +7, negative energy resistance 1, electricity
resistance, torment resistance 1, petrification resistance
a: no special abilities


You were on level 8 of the Dungeon.
You visited 2 branches of the dungeon, and saw 9 of its levels.

You collected 504 gold pieces.
You spent 224 gold pieces at shops.


Innate Abilities, Weirdness & Mutations

You are immune to sickness and miasma.
Your stone body is resilient. (AC +7)
You are immune to poison.
You resist negative energy. (rN+)
You are resistant to electric shocks. (rElec)
You are resistant to unholy torment.
You are immune to petrification.


   Skills:
 - Level 8.0 Fighting
 - Level 10.0 Axes
 - Level 1.1 Throwing
 - Level 6.1 Armour
 - Level 1.0 Dodging
 + Level 4.7 Shields


You had 9 spell levels left.
You didn't know any spells.
Your spell library was empty.

Inventory:

Hand Weapons
 m - a +0 morningstar
 Y - a +1 war axe of venom (weapon)
Missiles
 f - 8 boomerangs (quivered)
Armour
 c - a +0 buckler (worn)
 n - a +0 cloak
 t - a +0 plate armour (worn)
Jewellery
 b - a ring of protection from cold (right hand)
 e - a ring of positive energy
 j - a +4 ring of protection
 k - an amulet of the acrobat (around neck)
 q - a ring of resist corrosion (left hand)
Scrolls
 l - 2 scrolls of identify
 p - 2 scrolls of blinking
Potions
 a - 3 potions of curing
 d - 6 potions of might
 g - a potion of cancellation
 i - a potion of mutation
 o - 2 potions of lignification
 r - a potion of haste
 s - a potion of attraction
 u - a potion of flight {unknown}

Dungeon Overview and Level Annotations

Branches:
Dungeon (8/15)             Temple (1/1) D:6
   Lair: D:8-11

Altars:
Ashenzari
Cheibriados
Dithmenos
Fedhas
Gozag
Kikubaaqudgha
Nemelex Xobeh
Qazlal
Ru
Sif Muna
Trog
Uskayaw
Vehumet
Xom
Yredelemnul
Zin

Shops:
D:3 =   D:5 [

Annotations:
D:3 1 runed translucent door, qw's ghost, amateur GrFi
D:8 Gastronok


Message History

You kill the orc!
Things that are here:
a +0 club; a +0 leather armour
Found a stone staircase leading up.
Enter note:
Enter note: Gastronok the Ponderous comes into view.
He is wearing the +3 hat of Pondering {ponderous, Will+ MP+10 Int+5}.
You slash Gastronok!
Gastronok is lightly wounded.
Gastronok closely misses you.
You slash Gastronok!
Gastronok is lightly wounded.
You hit Gastronok.
Gastronok is poisoned.
Gastronok is lightly wounded.
Gastronok gurgles, "I'll eat you, I will!"
Gastronok bites you!!
You hit Gastronok but do no damage.
Gastronok looks as sick as possible!
Gastronok is lightly wounded.
You slash Gastronok!
Gastronok looks as sick as possible!
Gastronok is moderately wounded.
Gastronok bites you!!
You hit Gastronok but do no damage.
Gastronok is moderately wounded.
You slash Gastronok!
Gastronok looks as sick as possible!
Gastronok is moderately wounded.
Gastronok completely misses you.
You slash Gastronok!
Gastronok looks as sick as possible!
Gastronok is heavily wounded.
Gastronok bites you!
8393 ||| DRINKING potion of heal wounds.
You feel much better.
You hit Gastronok but do no damage.
Gastronok is heavily wounded.
Gastronok bites you.
You slash Gastronok!
Gastronok is heavily wounded.
You slash Gastronok!
Gastronok looks as sick as possible!
Gastronok is heavily wounded.
Gastronok bites you!!
You die...

#.>.....# #.# #.#
# #####.#######
#.####.####
#.....#
#..........
##[#####
######.#### ....#
### #.##.. ....#
#.. #.##.#
77..####... #.#
#.##.# 77.........
#.# #. #.##.#
....####... #@##
#.# #.##.#
...........
###w#.### #.#
#.##.# PPP.#####..
..###..# #.#
#.##.# ......###.#
###.#.#.#
#.###..%)#
._.......^# #.##.#
#.##.#...#
......###.# #.##.#
#.#.###..# .....##
#.# #.##.####..##
##.. ..#### #.#
#.........#.###..#
..# #.#
####.#######.#.#.#


You could see Gastronok (extremely poisoned).

Vanquished Creatures
  A wyvern (D:7)
  A steam dragon (D:7)
  Menkaure (D:6)
  Edmund (D:5)
  An orc warrior (D:6)
  A water moccasin (D:7)
  2 ice beasts
  2 sky beasts
  2 ogres
  3 centaurs
  5 phantoms
  2 bullfrogs
  A scorpion (D:4)
  4 necrophages
  3 wights (D:7)
  A vampire bat (D:7)
  2 howler monkeys (D:7)
  5 orc priests
  2 hounds (D:5)
  A gnoll bouda (D:5)
  2 jellies
  2 iguanas
  Jessica (D:2)
  A scorpion zombie (D:4)
  8 orc wizards
  A hound zombie (D:4)
  4 gnolls (D:5)
  10 adders
  A shadow imp (D:6)
  2 white imps
  2 ufetubi
  A dart slug (D:1)
  34 orcs
  2 endoplasms
  2 giant cockroaches (D:1)
  9 goblins
  4 hobgoblins
  4 kobolds
  A quokka (D:1)
  7 ball pythons
  16 bats
  A frilled lizard (D:2)
  2 rats
158 creatures vanquished.

Notes
Turn   | Place    | Note
-------+----------+-------------------------------------------
     0 | D:1      | qw the Gargoyle Fighter began the quest for the Orb.
     0 | D:1      | Reached XP level 1. HP: 14/14 MP: 1/1
     0 | D:1      | 0 ||| qw: Version: 0.1-a-119-g272c26d
     0 | D:1      | 0 ||| qw: Game counter: 11052
     0 | D:1      | 0 ||| qw: Always use a shield: true
     0 | D:1      | 0 ||| qw: God list: Okawaru
     0 | D:1      | 0 ||| qw: Allow faded altars: false
     0 | D:1      | 0 ||| qw: Do Orc after D:15 true
     0 | D:1      | 0 ||| qw: Do second Lair branch before Depths: true
     0 | D:1      | 0 ||| qw: Lair rune preference: random
     0 | D:1      | 0 ||| qw: Plans: Normal, Zot, God:TSO, Crypt, Tomb, Pan,
                  | Slime, Hells, Zig, Abyss, Orb
     0 | D:1      | 0 ||| PLANNING D:1-11
    51 | D:1      | Reached skill level 2 in Axes
    64 | D:1      | 64 ||| Stepping ~*~*~tactically~*~*~ (hiding).
   326 | D:1      | Reached XP level 2. HP: 19/19 MP: 2/2
   630 | D:1      | 630 ||| DROPPING +0 club.
   758 | D:1      | Found a faded altar of an unknown god.
   761 | D:1      | 761 ||| UPGRADING to ring of positive energy.
   762 | D:1      | 762 ||| READING scroll labelled CIECIUFRIQ.
   763 | D:1      | 763 ||| READING scroll labelled MOURAR QOTS.
   764 | D:1      | 764 ||| READING 2 scrolls labelled FAXTYG LAMIA.
   765 | D:1      | 765 ||| DRINKING 2 golden potions.
   766 | D:1      | 766 ||| DROPPING potion of magic.
  1054 | D:2      | Reached skill level 3 in Axes
  1260 | D:2      | Reached XP level 3. HP: 16/23 MP: 3/3
  1410 | D:2      | Noticed Jessica
  1415 | D:2      | Killed Jessica
  1416 | D:2      | Reached XP level 4. HP: 25/28 MP: 4/4
  1633 | D:2      | 1633 ||| Stepping ~*~*~tactically~*~*~ (stealth).
  1799 | D:2      | 1799 ||| UPGRADING to amulet of the acrobat.
  1804 | D:2      | 1804 ||| READING 2 scrolls labelled VYATTI MAOT.
  1805 | D:2      | 1805 ||| READING scroll labelled LARORRU SILASU.
  1806 | D:2      | 1806 ||| READING scroll labelled CUPSEA FUSMUU.
  1807 | D:2      | 1807 ||| DROPPING scroll of vulnerability.
  1848 | D:3      | Found a blossoming altar of Fedhas.
  1849 | D:3      | Found an ancient bone altar of Kikubaaqudgha.
  1891 | D:3      | Reached skill level 4 in Axes
  1913 | D:3      | Noticed an ice beast
  1922 | D:3      | Killed an ice beast
  1923 | D:3      | Reached skill level 5 in Axes
  1923 | D:3      | Reached XP level 5. HP: 32/32 MP: 5/5
  1955 | D:3      | Found a runed translucent door.
  1956 | D:3      | Noticed qw's ghost (amateur GrFi)
  2110 | D:3      | 2110 ||| Stepping ~*~*~tactically~*~*~ (stealth).
  2201 | D:3      | 2201 ||| Stepping ~*~*~tactically~*~*~ (stealth).
  2268 | D:3      | Found a shimmering altar of Xom.
  2293 | D:3      | Found Siepir's Jewellery Shoppe.
  2302 | D:3      | 2302 ||| SHOPLISTING +4 ring of protection (432 gold, have
                  | 126).
  2302 | D:3      | 2302 ||| SHOPLISTING +6 ring of dexterity (432 gold, have
                  | 126).
  2302 | D:3      | 2302 ||| SHOPLISTING amulet of regeneration (360 gold, have
                  | 126).
  2302 | D:3      | 2302 ||| SHOPLISTING ring of protection from cold (300
                  | gold, have 126).
  2302 | D:3      | 2302 ||| SHOPLISTING ring of see invisible (180 gold, have
                  | 126).
  2501 | D:3      | 2501 ||| READING scroll labelled TYPTOI MOXONN.
  2502 | D:3      | 2502 ||| DRINKING 2 smoky sapphire potions.
  2503 | D:3      | 2503 ||| DRINKING 2 metallic silvery potions.
  2504 | D:3      | 2504 ||| DRINKING 2 fizzy golden potions.
  2532 | D:3      | 2532 ||| READING 3 scrolls of identify.
  2532 | D:3      | 2532 ||| IDENTIFYING glowing pink potion
  2533 | D:3      | 2533 ||| READING 2 scrolls of identify.
  2533 | D:3      | 2533 ||| IDENTIFYING amethyst potion
  2534 | D:3      | 2534 ||| DROPPING potion of invisibility.
  2597 | D:4      | Noticed a phantom
  2600 | D:4      | 2600 ||| Stepping ~*~*~tactically~*~*~ (stealth).
  2617 | D:4      | Killed a phantom
  2618 | D:4      | Reached XP level 6. HP: 21/39 MP: 6/6
  2706 | D:4      | 2706 ||| FLEEEEING.
  2707 | D:4      | 2707 ||| FLEEEEING.
  2708 | D:4      | 2708 ||| FLEEEEING.
  2709 | D:4      | 2709 ||| FLEEEEING.
  2710 | D:4      | 2710 ||| FLEEEEING.
  2711 | D:4      | 2711 ||| FLEEEEING.
  2712 | D:4      | 2712 ||| FLEEEEING.
  2715 | D:4      | 2715 ||| FLEEEEING.
  2716 | D:4      | 2716 ||| FLEEEEING.
  2829 | D:4      | 2829 ||| DROPPING +0 whip.
  2852 | D:4      | Reached skill level 1 in Dodging
  2874 | D:4      | 2874 ||| DROPPING +0 flail.
  2955 | D:4      | Found a shimmering blue altar of Sif Muna.
  3005 | D:4      | 3005 ||| FLEEEEING.
  3293 | D:4      | Reached skill level 6 in Axes
  3293 | D:4      | Reached XP level 7. HP: 34/44 MP: 7/7
  3451 | D:4      | Found a radiant altar of Vehumet.
  3570 | D:4      | Found a basalt altar of Yredelemnul.
  3596 | D:4      | 3596 ||| UPGRADING to +0 chain mail.
  3606 | D:4      | 3606 ||| DROPPING +0 scale mail.
  3607 | D:4      | 3607 ||| READING scroll labelled PEONUV XUTEITZ.
  3618 | D:5      | Entered Level 5 of the Dungeon
  3686 | D:5      | 3686 ||| Stepping ~*~*~tactically~*~*~ (hiding).
  3687 | D:5      | 3687 ||| Stepping ~*~*~tactically~*~*~ (hiding).
  3698 | D:5      | Reached skill level 7 in Axes
  3735 | D:5      | Found Lediv's Antique Armour Shop.
  3743 | D:5      | 3743 ||| SHOPLISTING bronze pearl dragon scales (3312 gold,
                  | have 234).
  3743 | D:5      | 3743 ||| BUYING glowing scale mail (224 gold).
  3743 | D:5      | Bought a glowing scale mail for 224 gold pieces
  3743 | D:5      | 3743 ||| SHOPLISTING pair of gloves (144 gold, have 10).
  3743 | D:5      | 3743 ||| SHOPLISTING pair of glowing gloves (240 gold, have
                  | 10).
  3743 | D:5      | 3743 ||| SHOPLISTING runed plate armour (832 gold, have
                  | 10).
  3743 | D:5      | 3743 ||| SHOPLISTING shiny orb (384 gold, have 10).
  3746 | D:5      | 3746 ||| Stepping ~*~*~tactically~*~*~ (stealth).
  3833 | D:5      | 3833 ||| Stepping ~*~*~tactically~*~*~ (hiding).
  3869 | D:5      | Reached skill level 1 in Throwing
  3869 | D:5      | 3869 ||| Stepping ~*~*~tactically~*~*~ (hiding).
  3879 | D:5      | HP: 11/44 [gnoll/+0 whip[a gnoll bouda] (4)]
  3880 | D:5      | 3880 ||| DRINKING potion of heal wounds.
  3891 | D:5      | Reached XP level 8. HP: 27/49 MP: 8/8
  4074 | D:5      | 4074 ||| Stepping ~*~*~tactically~*~*~ (stealth).
  4077 | D:5      | 4077 ||| Stepping ~*~*~tactically~*~*~ (stealth).
  4095 | D:5      | 4095 ||| Stepping ~*~*~tactically~*~*~ (hiding).
  4315 | D:5      | 4315 ||| Stepping ~*~*~tactically~*~*~ (stealth).
  4338 | D:5      | Noticed Edmund
  4356 | D:5      | Reached skill level 8 in Axes
  4363 | D:5      | HP: 11/49 [Edmund/+6 flail of protection (7)]
  4365 | D:5      | Killed Edmund
  4378 | D:5      | 4378 ||| Stepping ~*~*~tactically~*~*~ (stealth).
  4387 | D:5      | 4387 ||| FLEEEEING.
  4619 | D:5      | Found a shadowy altar of Dithmenos.
  4697 | D:5      | 4697 ||| UPGRADING to ring of protection from cold.
  4698 | D:5      | 4698 ||| UPGRADING to ring of resist corrosion.
  4700 | D:5      | 4700 ||| READING scroll labelled MEOMEI XATYAL.
  4724 | D:6      | 4724 ||| Stepping ~*~*~tactically~*~*~ (stealth).
  4725 | D:6      | 4725 ||| Stepping ~*~*~tactically~*~*~ (stealth).
  4734 | D:6      | Reached skill level 6 in Fighting
  4806 | D:6      | Found a sacrificial altar of Ru.
  4988 | D:6      | Noticed Menkaure
  4990 | D:6      | 4990 ||| FLEEEEING.
  4991 | D:6      | 4991 ||| FLEEEEING.
  4992 | D:6      | 4992 ||| FLEEEEING.
  4993 | D:6      | 4993 ||| FLEEEEING.
  4994 | D:6      | 4994 ||| FLEEEEING.
  4995 | D:6      | 4995 ||| FLEEEEING.
  4996 | D:6      | 4996 ||| FLEEEEING.
  4997 | D:6      | 4997 ||| FLEEEEING.
  4998 | D:6      | 4998 ||| FLEEEEING.
  4999 | D:6      | 4999 ||| FLEEEEING.
  5002 | D:6      | 5002 ||| FLEEEEING.
  5003 | D:6      | 5003 ||| FLEEEEING.
  5004 | D:6      | 5004 ||| FLEEEEING.
  5005 | D:6      | 5005 ||| FLEEEEING.
  5006 | D:6      | 5006 ||| FLEEEEING.
  5008 | D:6      | 5008 ||| FLEEEEING.
  5013 | D:6      | 5013 ||| FLEEEEING.
  5014 | D:6      | 5014 ||| FLEEEEING.
  5015 | D:6      | 5015 ||| FLEEEEING.
  5016 | D:6      | 5016 ||| FLEEEEING.
  5017 | D:6      | 5017 ||| FLEEEEING.
  5018 | D:6      | 5018 ||| FLEEEEING.
  5019 | D:6      | 5019 ||| STAIRDANCE
  5202 | D:5      | 5202 ||| READING 3 scrolls of identify.
  5202 | D:5      | 5202 ||| IDENTIFYING white potion
  5203 | D:5      | 5203 ||| READING 2 scrolls of identify.
  5203 | D:5      | 5203 ||| IDENTIFYING orange potion
  5214 | D:6      | Killed Menkaure
  5533 | D:6      | Found a staircase to the Ecumenical Temple.
  5534 | D:6      | 5534 ||| PLANNING TEMPLE
  5535 | D:6      | 5535 ||| FLEEEEING.
  5536 | D:6      | 5536 ||| FLEEEEING.
  5537 | D:6      | 5537 ||| FLEEEEING.
  5538 | D:6      | 5538 ||| FLEEEEING.
  5539 | D:6      | 5539 ||| FLEEEEING.
  5544 | D:6      | 5544 ||| FLEEEEING.
  5549 | D:6      | 5549 ||| FLEEEEING.
  5550 | D:6      | 5550 ||| FLEEEEING.
  5551 | D:6      | 5551 ||| FLEEEEING.
  5558 | D:6      | 5558 ||| FLEEEEING.
  5559 | D:6      | 5559 ||| FLEEEEING.
  5560 | D:6      | 5560 ||| FLEEEEING.
  5561 | D:6      | 5561 ||| FLEEEEING.
  5562 | D:6      | 5562 ||| FLEEEEING.
  5563 | D:6      | 5563 ||| FLEEEEING.
  5564 | D:6      | 5564 ||| FLEEEEING.
  5565 | D:6      | 5565 ||| FLEEEEING.
  5566 | D:6      | 5566 ||| FLEEEEING.
  5567 | D:6      | 5567 ||| FLEEEEING.
  5568 | D:6      | 5568 ||| FLEEEEING.
  5573 | D:6      | 5573 ||| FLEEEEING.
  5574 | D:6      | 5574 ||| FLEEEEING.
  5575 | D:6      | 5575 ||| FLEEEEING.
  5577 | D:6      | 5577 ||| FLEEEEING.
  5584 | D:6      | 5584 ||| FLEEEEING.
  5585 | D:6      | 5585 ||| FLEEEEING.
  5586 | D:6      | 5586 ||| FLEEEEING.
  5587 | D:6      | 5587 ||| FLEEEEING.
  5588 | D:6      | 5588 ||| STAIRDANCE
  5592 | D:6      | 5592 ||| STAIRDANCE
  5596 | D:6      | 5596 ||| STAIRDANCE
  5601 | D:6      | 5601 ||| STAIRDANCE
  5665 | Temple   | Entered the Ecumenical Temple
  5767 | Temple   | 5767 ||| PLANNING D:1-11
  5841 | D:6      | 5841 ||| Stepping ~*~*~tactically~*~*~ (stealth).
  5845 | D:6      | Reached skill level 9 in Axes
  5845 | D:6      | Reached XP level 9. HP: 55/55 MP: 9/9
  5965 | D:6      | 5965 ||| Stepping ~*~*~tactically~*~*~ (hiding).
  5982 | D:6      | HP: 5/56 [orc warrior/+0 long sword (12)]
  6580 | D:6      | Found a snail-covered altar of Cheibriados.
  6628 | D:6      | 6628 ||| DROPPING +1 scale mail of cold resistance.
  6629 | D:6      | 6629 ||| UPGRADING to +0 plate armour.
  6639 | D:6      | 6639 ||| DROPPING +0 chain mail.
  6640 | D:6      | 6640 ||| READING scroll labelled ESKESOH DUYCU.
  6641 | D:6      | 6641 ||| DRINKING 2 black potions.
  6642 | D:6      | 6642 ||| READING 2 scrolls of identify.
  6642 | D:6      | 6642 ||| IDENTIFYING clear potion
  6643 | D:6      | 6643 ||| DROPPING potion of brilliance.
  6684 | D:7      | 6684 ||| Stepping ~*~*~tactically~*~*~ (hiding).
  6733 | D:7      | HP: 9/56 [wight/+0 spear (6)]
  6776 | D:7      | 6776 ||| FLEEEEING.
  6786 | D:7      | 6786 ||| STAIRDANCE
  6996 | D:7      | 6996 ||| DRINKING 3 potions of curing.
  6996 | D:7      | 6996 ||| (to cure confusion)
  6997 | D:7      | 6997 ||| DRINKING 2 potions of curing.
  6997 | D:7      | 6997 ||| (to cure confusion)
  7001 | D:7      | 7001 ||| DRINKING potion of curing.
  7001 | D:7      | 7001 ||| (to cure confusion)
  7241 | D:7      | Reached skill level 10 in Axes
  7253 | D:7      | Reached skill level 6 in Armour
  7519 | D:7      | 7519 ||| Stepping ~*~*~tactically~*~*~ (stealth).
  7759 | D:7      | 7759 ||| READING scroll labelled TAOMUXYHEA.
  7875 | D:8      | Reached XP level 10. HP: 64/64 MP: 10/10
  7929 | D:8      | Found a glowing silver altar of Zin.
  7954 | D:8      | 7954 ||| Stepping ~*~*~tactically~*~*~ (stealth).
  7960 | D:8      | 7960 ||| Stepping ~*~*~tactically~*~*~ (hiding).
  7985 | D:8      | 7985 ||| Stepping ~*~*~tactically~*~*~ (hiding).
  8052 | D:8      | 8052 ||| Stepping ~*~*~tactically~*~*~ (stealth).
  8053 | D:8      | 8053 ||| Stepping ~*~*~tactically~*~*~ (stealth).
  8056 | D:8      | 8056 ||| Stepping ~*~*~tactically~*~*~ (stealth).
  8081 | D:8      | 8081 ||| Stepping ~*~*~tactically~*~*~ (hiding).
  8084 | D:8      | 8084 ||| DRINKING 5 potions of curing.
  8084 | D:8      | 8084 ||| (to cure confusion)
  8206 | D:8      | 8206 ||| Stepping ~*~*~tactically~*~*~ (stealth).
  8208 | D:8      | 8208 ||| Stepping ~*~*~tactically~*~*~ (hiding).
  8221 | D:8      | 8221 ||| DRINKING 4 potions of curing.
  8221 | D:8      | 8221 ||| (to cure confusion)
  8384 | D:8      | Noticed Gastronok
  8392 | D:8      | HP: 9/64 [Gastronok (17)]
  8393 | D:8      | 8393 ||| DRINKING potion of heal wounds.
  8396 | D:8      | Slain by Gastronok

Levels and vault maps discovered:
D:1:      matt_arrival_grand_opening, layout_rooms,
          dilly_ecumenical_altar_fadedgnrine
D:2:      layout_loops_corners, uniq_jessica
D:3:      layout_basic, old_standard_altar,
          grunt_temple_overflow_growth_and_decay, ebering_ghost_reflecting_pool,
          serial_shops, shop
D:4:      layout_basic, lemuel_zombie_altar_yredelemnul,
          mainiacjoe_overflow_catwalk, mainiacjoe_overflow_24_doors
D:5:      layout_basic, grunt_dithmenos_shadows, serial_shops,
          nicolae_shop_temple_entry_statues_fountains, uniq_edmund
D:6:      layout_basic, kennysheep_mini, kennysheep_mini_moat,
          minmay_temple_entry_overgrown, uniq_menkaure
D:7:      layout_rooms, roderic_batcave
D:8:      layout_loops_ring, mainiacjoe_overflow_chevrons, uniq_gastronok
Temple:   hellmonk_temple_beads

Skill      XL: |  1  2  3  4  5  6  7  8  9 10 |
---------------+-------------------------------+-----
Axes           | 2 3 5 6 7 9 10 | 10.0
Fighting       | 4 5 6 7 8 |  8.0
Dodging        | 1 |  1.0
Throwing       | 1 |  1.1
Shields        | 4 |  4.7
Armour         | 6 |  6.1

Action                   |  1- 3 |  4- 6 |  7- 9 | 10-12 || total
-------------------------+-------+-------+-------+-------++-------
Melee: War axe           |    78 |   108 |   358 |    37 ||   581
Throw: Boomerang         |       |    39 |    46 |     4 ||    89
  Use: Scroll            |     3 |     6 |     7 |       ||    16
       Potion            |     1 |     3 |     5 |     3 ||    12
Armor: Scale mail        |    42 |    52 |     8 |       ||   102
       Chain mail        |       |       |   114 |       ||   114
       Plate armour      |       |       |   123 |    11 ||   134
Dodge: Dodged            |    53 |    45 |   159 |     9 ||   266
Block: Buckler           |    17 |     9 |    67 |     4 ||    97

Table legend:
 A = Non-vault XP
 B = Vault XP
 C = Vault XP percentage of total XP
 D = Non-vault monster count
 E = Vault monster count
 F = Vault count percentage of total count
                 A         B        C        D         E       F
            +---------+---------+-------+---------+---------+-------
      Total |    4252 |     613 |  12.6 |     142 |      16 |  10.1
            +---------+---------+-------+---------+---------+-------
        D:1 |      27 |       0 |   0.0 |      15 |       0 |   0.0
        D:2 |      23 |      37 |  61.7 |       7 |       1 |  12.5
        D:3 |     159 |       0 |   0.0 |      14 |       0 |   0.0
        D:4 |     528 |      59 |  10.1 |      17 |       2 |  10.5
        D:5 |     644 |     278 |  30.2 |      29 |       2 |   6.5
        D:6 |     918 |     172 |  15.8 |      19 |       1 |   5.0
        D:7 |    1570 |      67 |   4.1 |      25 |      10 |  28.6
        D:8 |     383 |       0 |   0.0 |      16 |       0 |   0.0
            +---------+---------+-------+---------+---------+-------
